Sabres vs Avalanche
(R1)
Created - May 22, 2018 at 19:01
Goals
|
| Sabres |
1 |
2 |
2 |
5 |
| Avalanche |
0 |
2 |
4 |
6 |
|
Shots
|
| Sabres |
6 |
10 |
10 |
26 |
| Avalanche |
6 |
9 |
16 |
31 |
|
1st period
1. Sabres , Zack Kassian 2 (Ilya Kovalchuk 14, Jordan Leopold 2) at 1:03 (PP)
Penalties :
Dan Boyle (Col) for Roughing (Minor) at 0:47, Ales Kotalik (Buf) for Hooking (Minor) at 2:43, Dan Boyle (Col) for Cross-checking (Minor) at 14:38
2nd period
2. Avalanche , Dan Boyle 3 (Bryan Little 14, Mikkel Boedker 12) at 1:30 (PP)
3. Avalanche , Ryan Smyth 2 (Chris Drury 4) at 8:54 (SH)
4. Sabres , Ilya Kovalchuk 7 (Andrei Loktionov 7) at 11:02 (PP)
5. Sabres , Vincent Lecavalier 6 (Evander Kane 7) at 19:10
Penalties :
Ilya Kovalchuk (Buf) for Roughing (Minor) at 1:24, Mikkel Boedker (Col) for Hooking (Minor) at 1:43, Chuck Kobasew (Col) for Slashing (Minor) at 7:07, Chuck Kobasew (Col) for Interference (Minor) at 10:48
3rd period
6. Avalanche , Mikkel Boedker 7 (Bryan Little 15, Corey Perry 9) at 9:54 (PP)
7. Avalanche , Chuck Kobasew 3 (Ryan Smyth 4, Mike Comrie 5) at 11:47
8. Avalanche , Corey Perry 7 (Mikkel Boedker 13, Bryan Little 16) at 14:56
9. Sabres , Ilya Kovalchuk 8 (Ryan O'Reilly 10, Brad Richardson 4) at 15:36
10. Sabres , Vincent Lecavalier 7 (Ilya Kovalchuk 15) at 19:23
11. Avalanche , Andrew Ladd 4 (Alexander Radulov 11, Chris Drury 5) at 19:29
Penalties :
Darcy Hordichuk (Buf) for Interference (Minor) at 8:27
Goalie Stats
Jonas Hiller (Buf), 25 saves from 31 shots - (0.806), L, 1-1-0, 59:33 minutes
Semyon Varlamov (Col), 21 saves from 26 shots - (0.808), W, 10-5-1, 60:00 minutes
Players Stats for Sabres
Player Name G A P +/- PIM S H SB GA TA FO MP PP MP PK MP
------------------------------------------------------------------------------------
Ales Kotalik 0 0 0 0 2 0 0 1 0 0 0/0 12:59 0:00 0:00
Andrei Loktionov 0 1 1 -2 0 1 2 0 0 0 3/14 15:47 4:07 0:00
Brad Richardson 0 1 1 1 0 0 3 1 0 1 1/2 15:52 0:00 0:00
Brandon Sutter 0 0 0 0 0 1 0 0 0 0 2/3 11:47 0:00 1:02
Darcy Hordichuk 0 0 0 -2 2 1 0 0 0 0 1/2 11:58 0:00 0:00
Evander Kane 0 1 1 0 0 2 3 2 1 0 0/1 17:04 2:20 1:10
Ilya Kovalchuk 2 2 4 1 2 7 2 1 0 0 2/4 21:20 4:07 2:07
Jakub Kindl 0 0 0 -2 0 0 0 1 0 2 0/0 18:38 1:10 2:15
Jared Cowen 0 0 0 1 0 0 0 1 0 2 0/0 26:17 2:21 1:17
Jordan Leopold 0 1 1 0 0 0 1 0 0 0 0/0 21:02 2:56 0:33
Kyle Okposo 0 0 0 1 0 3 5 0 0 0 1/1 16:33 2:20 0:00
Matt Martin 0 0 0 0 0 0 3 0 0 0 1/3 10:10 0:00 0:49
Michael Kostka 0 0 0 1 0 1 0 0 0 1 0/0 23:41 2:21 0:44
Rob Scuderi 0 0 0 -3 0 1 1 0 0 2 0/0 23:51 4:06 2:15
Ryan O'Reilly 0 1 1 0 0 1 1 0 1 0 9/19 14:46 0:00 0:00
Vincent Lecavalier 2 0 2 1 0 6 1 2 2 0 4/7 18:29 2:20 1:56
Zach Bogosian 0 0 0 0 0 0 0 0 0 0 0/0 0:29 0:00 0:00
Zack Kassian 1 0 1 -2 0 2 0 0 1 0 0/0 15:42 4:07 0:00
Players Stats for Avalanche
Player Name G A P +/- PIM S H SB GA TA FO MP PP MP PK MP
------------------------------------------------------------------------------------
Alexander Radulov 0 1 1 1 0 0 1 0 1 1 0/0 13:09 0:55 0:00
Andrei Kostitsyn 0 0 0 0 0 4 4 0 0 0 0/0 16:10 0:55 0:52
Andrew Ladd 1 0 1 0 0 2 2 1 0 0 1/1 15:25 0:00 2:12
Brandon Yip 0 0 0 0 0 1 2 0 0 0 0/0 14:23 0:00 0:00
Bryan Little 0 3 3 0 0 4 0 0 0 0 13/24 15:59 2:37 0:00
Chris Drury 0 2 2 1 0 0 0 0 1 1 10/15 15:03 0:00 2:02
Chuck Kobasew 1 0 1 -1 4 2 3 0 0 0 0/0 12:20 0:00 2:25
Corey Perry 1 1 2 0 0 2 3 1 1 1 0/1 15:59 2:37 0:00
Dan Boyle 1 0 1 1 4 2 0 0 1 0 0/0 15:32 2:54 0:00
Jack Johnson 0 0 0 -1 0 1 2 3 0 0 0/0 24:40 0:38 4:03
Jay Bouwmeester 0 0 0 0 0 2 0 0 1 1 0/0 20:16 2:54 0:00
Johnny Boychuk 0 0 0 1 0 0 2 1 1 0 0/0 20:29 0:38 2:24
Marc Staal 0 0 0 -1 0 0 2 0 1 0 0/0 24:02 0:00 4:03
Matt Lashoff 0 0 0 2 0 1 1 0 0 0 0/0 15:04 0:00 2:24
Mike Comrie 0 1 1 0 0 1 1 0 0 0 6/10 13:15 0:00 4:00
Mikkel Boedker 1 2 3 0 2 3 0 1 1 0 0/0 15:58 2:37 0:00
Paul Stastny 0 0 0 0 0 5 0 1 0 1 2/5 15:18 0:55 0:00
Ryan Smyth 1 1 2 1 0 1 1 0 0 0 0/0 10:26 0:00 1:23
3 Stars
1 - Ilya Kovalchuk (Buf)
2 - Vincent Lecavalier (Buf)
3 - Corey Perry (Col)
Power Play
Sabres - 2 on 5 Attempt(s) - 40.00%
Avalanche - 2 on 3 Attempt(s) - 66.67%
Penalty Kill
Sabres - 1 on 3 Attempt(s) - 33.33%
- Score 0 goal in Penalty Kill
Avalanche - 3 on 5 Attempt(s) - 60.00%
- Score 1 goal in Penalty Kill
Team Stat
Sabres - Hits : 22 - Faceoff Wins : 24 - Blocked Shots : 9 - Penalty Minutes : 6
Avalanche - Hits : 24 - Faceoff Wins : 32 - Blocked Shots : 8 - Penalty Minutes : 10
Official
Referees : O'Rourke Dan and Peel Tim
Linesman : David Brisebois and Brad Kovachik
Game Notes
Zach Bogosian is injured at 0:28 of 1st period (Broken Right Foot Toe)
11:47 of 3rd period - Avalanche goal is going for a video replay. After video review, Goal.
Finance
Level 1 -- Attendance: 6000 (100.00%) -- Ticket Income $534,000
Level 2 -- Attendance: 5000 (100.00%) -- Ticket Income $275,000
Level 3 -- Attendance: 2000 (100.00%) -- Ticket Income $66,000
Level 4 -- Attendance: 4000 (100.00%) -- Ticket Income $92,000
Luxury Box -- Attendance: 1000 (100.00%) -- Ticket Income $172,000
Game was played at the Pepsi Center.
Total Attendance: 18000 (100.00%)
Total Ticket Income: $1,139,000
Other Income: $170,850
Total Income: $1,309,850
Sabres
5 vs 5 Forward
Center Left Wing Right Wing Time % Phy DF OF
1 Ryan O'Reilly Ilya Kovalchuk Brad Richardson 40 0 0 5
2 Vincent Lecavalier Evander Kane Kyle Okposo 30 0 0 5
3 Andrei Loktionov Darcy Hordichuk Zack Kassian 20 0 1 4
4 Brandon Sutter Matt Martin Ales Kotalik 10 0 2 3
5 vs 5 Defense
Defense Defense Time % Phy DF OF
1 Rob Scuderi Zach Bogosian 44 0 4 1
2 Jared Cowen Michael Kostka 39 0 5 0
3 Jakub Kindl Jordan Leopold 17 0 5 0
4 Zach Bogosian Jordan Leopold 0 1 2 2
PowerPlay Forward
Center Left Wing Right Wing Time % Phy DF OF
1 Andrei Loktionov Ilya Kovalchuk Zack Kassian 55 0 0 5
2 Vincent Lecavalier Evander Kane Kyle Okposo 45 0 0 5
PowerPlay Defense
Defense Defense Time % Phy DF OF
1 Zach Bogosian Rob Scuderi 55 0 1 4
2 Michael Kostka Jared Cowen 45 0 2 3
Penalty Kill 4 Players Forward
Center Wing Time % Phy DF OF
1 Ilya Kovalchuk Vincent Lecavalier 60 0 5 0
2 Brandon Sutter Evander Kane 40 0 5 0
Penalty Kill 4 Players Defense
Defense Defense Time % Phy DF OF
1 Zach Bogosian Rob Scuderi 60 0 5 0
2 Michael Kostka Jared Cowen 40 0 5 0
Penalty Kill - 3 Players Forward
Forward Time % Phy DF OF
1 Brandon Sutter 60 0 5 0
2 Ilya Kovalchuk 40 0 5 0
Penalty Kill - 3 Players Defense
Defense Defense Time % Phy DF OF
1 Zach Bogosian Rob Scuderi 60 0 5 0
2 Michael Kostka Jared Cowen 40 0 5 0
4 vs 4 Forward
Center Wing Time % Phy DF OF
1 Ilya Kovalchuk Vincent Lecavalier 60 0 1 4
2 Darcy Hordichuk Evander Kane 40 0 2 3
4 vs 4 Defense
Defense Defense Time % Phy DF OF
1 Zach Bogosian Rob Scuderi 60 0 4 1
2 Jakub Kindl Jared Cowen 40 0 5 0
Last Minutes Offensive
Center Left Wing Right Wing Defense Defense
Vincent Lecavalier Ilya Kovalchuk Kyle Okposo Zach Bogosian Jared Cowen
Last Minutes Defensive
Center Left Wing Right Wing Defense Defense
Vincent Lecavalier Ilya Kovalchuk Kyle Okposo Zach Bogosian Jared Cowen
Goaltenders
Starting : Jonas Hiller
Backup : Robin Lehner
Extra Forwards
Normal : Brandon Sutter, Zack Kassian, Matt Martin - PP : Brandon Sutter, Zack Kassian - PK : Matt Martin
Extra Defensemen
Normal : Jordan Leopold, Jakub Kindl, Rob Scuderi - PP : Jordan Leopold - PK : Jakub Kindl, Rob Scuderi
Penalty Shots
Ilya Kovalchuk, Vincent Lecavalier, Darcy Hordichuk, Evander Kane, Kyle Okposo
Scratches
Scottie Upshall (Sore Right Knee Injury), Wade Redden (Healthy)
Avalanche
5 vs 5 Forward
Center Left Wing Right Wing Time % Phy DF OF
1 Bryan Little Mikkel Boedker Corey Perry 30 0 2 2
2 Paul Stastny Andrei Kostitsyn Brandon Yip 30 1 2 2
3 Chris Drury Andrew Ladd Alexander Radulov 25 1 2 2
4 Mike Comrie Ryan Smyth Chuck Kobasew 15 1 2 2
5 vs 5 Defense
Defense Defense Time % Phy DF OF
1 Jack Johnson Marc Staal 40 1 2 2
2 Johnny Boychuk Jay Bouwmeester 35 1 2 2
3 Matt Lashoff Dan Boyle 25 1 2 2
4 Jack Johnson Marc Staal 0 1 2 2
PowerPlay Forward
Center Left Wing Right Wing Time % Phy DF OF
1 Bryan Little Mikkel Boedker Corey Perry 60 1 2 2
2 Paul Stastny Andrei Kostitsyn Alexander Radulov 40 1 2 2
PowerPlay Defense
Defense Defense Time % Phy DF OF
1 Dan Boyle Jay Bouwmeester 60 1 2 2
2 Johnny Boychuk Jack Johnson 40 1 2 2
Penalty Kill 4 Players Forward
Center Wing Time % Phy DF OF
1 Mike Comrie Chuck Kobasew 60 1 2 2
2 Chris Drury Ryan Smyth 40 1 2 2
Penalty Kill 4 Players Defense
Defense Defense Time % Phy DF OF
1 Jack Johnson Marc Staal 60 1 2 2
2 Matt Lashoff Johnny Boychuk 40 1 2 2
Penalty Kill - 3 Players Forward
Forward Time % Phy DF OF
1 Chuck Kobasew 60 1 2 2
2 Ryan Smyth 40 1 2 2
Penalty Kill - 3 Players Defense
Defense Defense Time % Phy DF OF
1 Jack Johnson Marc Staal 60 1 2 2
2 Matt Lashoff Johnny Boychuk 40 1 2 2
4 vs 4 Forward
Center Wing Time % Phy DF OF
1 Bryan Little Corey Perry 60 1 2 2
2 Mikkel Boedker Andrei Kostitsyn 40 1 2 2
4 vs 4 Defense
Defense Defense Time % Phy DF OF
1 Jack Johnson Marc Staal 60 1 2 2
2 Johnny Boychuk Jay Bouwmeester 40 1 2 2
Last Minutes Offensive
Center Left Wing Right Wing Defense Defense
Bryan Little Mikkel Boedker Corey Perry Jack Johnson Dan Boyle
Last Minutes Defensive
Center Left Wing Right Wing Defense Defense
Chris Drury Andrew Ladd Chuck Kobasew Jack Johnson Marc Staal
Goaltenders
Starting : Semyon Varlamov
Backup : Hannu Toivonen
Extra Forwards
Normal : Andrei Kostitsyn, Alexander Radulov, Chris Drury - PP : Mike Comrie, Chris Drury - PK : Andrew Ladd
Extra Defensemen
Normal : Dan Boyle, Johnny Boychuk, Jay Bouwmeester - PP : Dan Boyle - PK : Johnny Boychuk, Jay Bouwmeester
Penalty Shots
Bryan Little, Corey Perry, Mikkel Boedker, Andrei Kostitsyn, Paul Stastny
Scratches
Pernell Karl Subban (Fractured Metatarsal (Right Foot) Injury), Kyle Turris (Healthy)
% Time on Ice - Sabres
Lines # - Real PCT - Wanted PCT - Time Play
Normal Forward
1 - 30% - 40% - 14:57
2 - 27% - 30% - 13:32
3 - 23% - 20% - 11:29
4 - 19% - 10% - 9:21
Normal Defense
1 - 44% - 44% - 21:29
2 - 36% - 39% - 17:40
3 - 14% - 17% - 6:43
4 - 7% - 0% - 3:27
PP Forward
1 - 64% - 55% - 4:07
2 - 36% - 45% - 2:20
PP Defense
1 - 64% - 55% - 4:06
2 - 36% - 45% - 2:21
PK Forward
1 - 75% - 60% - 2:39
2 - 25% - 40% - 0:53
PK Defense
1 - 79% - 60% - 2:48
2 - 21% - 40% - 0:44
PK3 Forward
1 - 0% - 60%
2 - 0% - 40%
PK3 Defense
1 - 0% - 60%
2 - 0% - 40%
44 Forward
1 - 0% - 60%
2 - 0% - 40%
44 Defense
1 - 0% - 60%
2 - 0% - 40%
Last Minute Offensive - 0:42
Last Minute Defensive - 0:00
Total
Forward - 60:00
Defense - 60:00
|
% Time on Ice - Avalanche
Lines # - Real PCT - Wanted PCT - Time Play
Normal Forward
1 - 28% - 30% - 13:39
2 - 29% - 30% - 14:23
3 - 25% - 25% - 12:14
4 - 18% - 15% - 9:03
Normal Defense
1 - 39% - 40% - 19:17
2 - 35% - 35% - 17:27
3 - 26% - 25% - 12:35
4 - 0% - 0% - 0:00
PP Forward
1 - 74% - 60% - 2:37
2 - 26% - 40% - 0:55
PP Defense
1 - 82% - 60% - 2:54
2 - 18% - 40% - 0:38
PK Forward
1 - 81% - 60% - 5:13
2 - 19% - 40% - 1:14
PK Defense
1 - 63% - 60% - 4:03
2 - 37% - 40% - 2:24
PK3 Forward
1 - 0% - 60%
2 - 0% - 40%
PK3 Defense
1 - 0% - 60%
2 - 0% - 40%
44 Forward
1 - 0% - 60%
2 - 0% - 40%
44 Defense
1 - 0% - 60%
2 - 0% - 40%
Last Minute Offensive - 0:00
Last Minute Defensive - 0:42
Total
Forward - 60:00
Defense - 60:00
|
Play by Play
1st period
0:01 of 1st period - Bryan Little wins face-off versus Ryan O'Reilly in neutral zone.
0:27 of 1st period - Zach Bogosian is hit by Andrei Kostitsyn and loses puck.
0:28 of 1st period - Zach Bogosian from Sabres is injured at 0:28 of 1st period (Broken Right Foot Toe).
0:29 of 1st period - Andrei Loktionov wins face-off versus Chris Drury in Sabres zone.
0:40 of 1st period - Slapshot by Jay Bouwmeester.
0:40 of 1st period - Stopped by Jonas Hiller without a rebound.
0:41 of 1st period - Mike Comrie wins face-off versus Evander Kane in Sabres zone.
0:47 of 1st period - Minor Penalty to Dan Boyle for Roughing.
0:48 of 1st period - Mike Comrie wins face-off versus Andrei Loktionov in Avalanche zone.
1:03 of 1st period - Wrist shot by Zack Kassian.
1:03 of 1st period - Goal by Zack Kassian - Sabres : 1 - Avalanche : 0.
1:04 of 1st period - Brandon Sutter wins face-off versus Paul Stastny in neutral zone.
1:21 of 1st period - Wrist shot by Andrei Kostitsyn.
1:21 of 1st period - Stopped by Jonas Hiller without a rebound.
1:22 of 1st period - Ryan O'Reilly wins face-off versus Chris Drury in Sabres zone.
1:22 of 1st period - Ryan O'Reilly is hit by Andrew Ladd.
1:54 of 1st period - Wrist shot by Evander Kane.
1:54 of 1st period - Stopped by Semyon Varlamov with a rebound.
1:58 of 1st period - Snap shot by Vincent Lecavalier.
1:58 of 1st period - Stopped by Semyon Varlamov with a rebound.
2:22 of 1st period - Snap shot by Andrei Kostitsyn.
2:22 of 1st period - Stopped by Jonas Hiller without a rebound.
2:23 of 1st period - Matt Martin wins face-off versus Paul Stastny in Sabres zone.
2:43 of 1st period - Minor Penalty to Ales Kotalik for Hooking.
2:44 of 1st period - Bryan Little wins face-off versus Ilya Kovalchuk in Sabres zone.
4:16 of 1st period - Icing by Bryan Little.
4:17 of 1st period - Bryan Little wins face-off versus Matt Martin in Avalanche zone.
4:24 of 1st period - Jared Cowen is hit by Corey Perry and loses puck.
4:43 of 1st period - Penalty to Ales Kotalik is over, Ales Kotalik is back on ice.
4:57 of 1st period - Slapshot by Jack Johnson.
4:57 of 1st period - Stopped by Jonas Hiller without a rebound.
4:58 of 1st period - Chris Drury wins face-off versus Ryan O'Reilly in Sabres zone.
5:30 of 1st period - Slapshot by Bryan Little.
5:30 of 1st period - Shot Misses the Net.
5:46 of 1st period - Slapshot by Andrei Kostitsyn.
5:46 of 1st period - Shot Misses the Net.
5:48 of 1st period - Wrist shot by Brandon Yip.
5:48 of 1st period - Shot Misses the Net.
5:50 of 1st period - Slapshot by Matt Lashoff.
5:50 of 1st period - Stopped by Jonas Hiller without a rebound.
5:51 of 1st period - Chris Drury wins face-off versus Brad Richardson in Sabres zone.
6:13 of 1st period - Icing by Jared Cowen.
6:14 of 1st period - Kyle Okposo wins face-off versus Bryan Little in Sabres zone.
7:47 of 1st period - Corey Perry is hit by Kyle Okposo and loses puck.
7:52 of 1st period - Wrist shot by Evander Kane.
7:52 of 1st period - Shot Misses the Net.
8:04 of 1st period - Wrist shot by Ryan O'Reilly.
8:04 of 1st period - Shot Misses the Net.
8:12 of 1st period - Snap shot by Ilya Kovalchuk.
8:12 of 1st period - Shot Hit the Post.
8:33 of 1st period - Chuck Kobasew is hit by Matt Martin and loses puck.
9:38 of 1st period - Snap shot by Brandon Sutter.
9:38 of 1st period - Stopped by Semyon Varlamov without a rebound.
9:39 of 1st period - Paul Stastny wins face-off versus Brandon Sutter in Avalanche zone.
9:39 of 1st period - Paul Stastny is hit by Matt Martin.
10:20 of 1st period - Jakub Kindl is hit by Marc Staal.
10:55 of 1st period - Slapshot by Paul Stastny.
10:55 of 1st period - Shot Misses the Net.
11:35 of 1st period - Ales Kotalik is hit by Andrei Kostitsyn and loses puck.
11:47 of 1st period - Jakub Kindl is hit by Brandon Yip and loses puck.
12:31 of 1st period - Brandon Sutter is hit by Johnny Boychuk and loses puck.
13:02 of 1st period - Snap shot by Paul Stastny.
13:02 of 1st period - Stopped by Jonas Hiller without a rebound.
13:03 of 1st period - Bryan Little wins face-off versus Ryan O'Reilly in Sabres zone.
13:12 of 1st period - Matt Lashoff is hit by Brad Richardson and loses puck.
13:21 of 1st period - Ryan O'Reilly is hit by Corey Perry and loses puck.
13:45 of 1st period - Slapshot by Ilya Kovalchuk.
13:45 of 1st period - Stopped by Semyon Varlamov without a rebound.
13:46 of 1st period - Vincent Lecavalier wins face-off versus Chris Drury in Avalanche zone.
14:01 of 1st period - Snap shot by Vincent Lecavalier.
14:01 of 1st period - Shot Misses the Net.
14:38 of 1st period - Minor Penalty to Dan Boyle for Cross-checking.
14:39 of 1st period - Mike Comrie wins face-off versus Andrei Loktionov in Avalanche zone.
14:54 of 1st period - Snap shot by Ilya Kovalchuk.
14:54 of 1st period - Shot Blocked by Jack Johnson.
15:04 of 1st period - Mike Comrie is hit by Evander Kane and loses puck.
15:13 of 1st period - Snap shot by Vincent Lecavalier.
15:13 of 1st period - Stopped by Semyon Varlamov with a rebound.
16:23 of 1st period - Marc Staal is hit by Ilya Kovalchuk and loses puck.
16:38 of 1st period - Penalty to Dan Boyle is over, Dan Boyle is back on ice.
16:56 of 1st period - Mikkel Boedker is hit by Ryan O'Reilly and loses puck.
Goals for this period are 1 for Sabres vs 0 for Avalanche.
Shots for this period are 6 for Sabres vs 6 for Avalanche.
2nd period
0:01 of 2nd period - Ryan O'Reilly wins face-off versus Bryan Little in neutral zone.
0:33 of 2nd period - Icing by Mike Comrie.
0:34 of 2nd period - Vincent Lecavalier wins face-off versus Mike Comrie in Avalanche zone.
0:35 of 2nd period - Snap shot by Evander Kane.
0:35 of 2nd period - Shot Hit the Post.
1:24 of 2nd period - Minor Penalty to Ilya Kovalchuk for Roughing.
1:25 of 2nd period - Bryan Little wins face-off versus Matt Martin in Sabres zone.
1:28 of 2nd period - Snap shot by Bryan Little.
1:28 of 2nd period - Stopped by Jonas Hiller with a rebound.
1:30 of 2nd period - Slapshot by Dan Boyle.
1:30 of 2nd period - Deflect By Jakub Kindl.
1:30 of 2nd period - Goal by Dan Boyle - Sabres : 1 - Avalanche : 1.
1:31 of 2nd period - Ryan O'Reilly wins face-off versus Chris Drury in neutral zone.
1:40 of 2nd period - Wrist shot by Ryan O'Reilly.
1:40 of 2nd period - Stopped by Semyon Varlamov without a rebound.
1:41 of 2nd period - Bryan Little wins face-off versus Ryan O'Reilly in Avalanche zone.
1:43 of 2nd period - Minor Penalty to Mikkel Boedker for Hooking.
1:44 of 2nd period - Mike Comrie wins face-off versus Andrei Loktionov in Avalanche zone.
2:15 of 2nd period - Snap shot by Evander Kane.
2:15 of 2nd period - Shot Misses the Net.
2:17 of 2nd period - Wrist shot by Kyle Okposo.
2:17 of 2nd period - Stopped by Semyon Varlamov without a rebound.
2:18 of 2nd period - Andrei Loktionov wins face-off versus Mike Comrie in Avalanche zone.
2:43 of 2nd period - Michael Kostka is hit by Matt Lashoff and loses puck.
3:06 of 2nd period - Snap shot by Ilya Kovalchuk.
3:06 of 2nd period - Shot Misses the Net.
3:43 of 2nd period - Penalty to Mikkel Boedker is over, Mikkel Boedker is back on ice.
5:11 of 2nd period - Jared Cowen is hit by Mike Comrie.
6:03 of 2nd period - Snap shot by Bryan Little.
6:03 of 2nd period - Stopped by Jonas Hiller without a rebound.
6:04 of 2nd period - Bryan Little wins face-off versus Andrei Loktionov in Sabres zone.
6:05 of 2nd period - Snap shot by Mikkel Boedker.
6:05 of 2nd period - Shot Misses the Net.
6:11 of 2nd period - Jay Bouwmeester is hit by Andrei Loktionov and loses puck.
7:07 of 2nd period - Minor Penalty to Chuck Kobasew for Slashing.
7:08 of 2nd period - Mike Comrie wins face-off versus Andrei Loktionov in Avalanche zone.
7:22 of 2nd period - Andrew Ladd is hit by Andrei Loktionov and loses puck.
8:17 of 2nd period - Snap shot by Ilya Kovalchuk.
8:17 of 2nd period - Deflect By Andrei Loktionov.
8:17 of 2nd period - Shot Misses the Net.
8:17 of 2nd period - Puck is out of play.
8:18 of 2nd period - Vincent Lecavalier wins face-off versus Mike Comrie in Avalanche zone.
8:50 of 2nd period - Off-side.
8:51 of 2nd period - Chris Drury wins face-off versus Vincent Lecavalier in neutral zone.
8:54 of 2nd period - Snap shot by Ryan Smyth.
8:54 of 2nd period - Goal by Ryan Smyth - Sabres : 1 - Avalanche : 2.
8:55 of 2nd period - Andrew Ladd wins face-off versus Andrei Loktionov in neutral zone.
9:07 of 2nd period - Penalty to Chuck Kobasew is over, Chuck Kobasew is back on ice.
9:08 of 2nd period - Backhand shot by Mike Comrie.
9:08 of 2nd period - Shot Misses the Net.
9:24 of 2nd period - Snap shot by Mikkel Boedker.
9:24 of 2nd period - Stopped by Jonas Hiller with a rebound.
9:30 of 2nd period - Snap shot by Rob Scuderi.
9:30 of 2nd period - Stopped by Semyon Varlamov with a rebound.
9:32 of 2nd period - Wrist shot by Kyle Okposo.
9:32 of 2nd period - Shot Blocked by Corey Perry.
9:34 of 2nd period - Snap shot by Jordan Leopold.
9:34 of 2nd period - Shot Blocked by Jack Johnson.
10:01 of 2nd period - Michael Kostka is hit by Andrei Kostitsyn and loses puck.
10:12 of 2nd period - Andrew Ladd is hit by Brad Richardson and loses puck.
10:33 of 2nd period - Rob Scuderi is hit by Chuck Kobasew and loses puck.
10:48 of 2nd period - Minor Penalty to Chuck Kobasew for Interference.
10:49 of 2nd period - Andrei Loktionov wins face-off versus Mike Comrie in Avalanche zone.
10:52 of 2nd period - Wrist shot by Ilya Kovalchuk.
10:52 of 2nd period - Stopped by Semyon Varlamov without a rebound.
10:53 of 2nd period - Mike Comrie wins face-off versus Andrei Loktionov in Avalanche zone.
11:02 of 2nd period - Slapshot by Ilya Kovalchuk.
11:02 of 2nd period - Goal by Ilya Kovalchuk - Sabres : 2 - Avalanche : 2.
11:03 of 2nd period - Bryan Little wins face-off versus Ryan O'Reilly in neutral zone.
11:58 of 2nd period - Wrist shot by Andrei Kostitsyn.
11:58 of 2nd period - Deflect By Zack Kassian.
11:58 of 2nd period - Stopped by Jonas Hiller without a rebound.
11:59 of 2nd period - Bryan Little wins face-off versus Ryan O'Reilly in Sabres zone.
12:26 of 2nd period - Chris Drury is hit by Kyle Okposo and loses puck.
13:11 of 2nd period - Wrist shot by Brandon Sutter.
13:11 of 2nd period - Shot Misses the Net.
13:59 of 2nd period - Snap shot by Vincent Lecavalier.
13:59 of 2nd period - Stopped by Semyon Varlamov with a rebound.
14:01 of 2nd period - Snap shot by Kyle Okposo.
14:01 of 2nd period - Stopped by Semyon Varlamov with a rebound.
14:03 of 2nd period - Slapshot by Michael Kostka.
14:03 of 2nd period - Stopped by Semyon Varlamov with a rebound.
14:05 of 2nd period - Snap shot by Vincent Lecavalier.
14:05 of 2nd period - Stopped by Semyon Varlamov without a rebound.
14:06 of 2nd period - Paul Stastny wins face-off versus Andrei Loktionov in Avalanche zone.
14:11 of 2nd period - Snap shot by Paul Stastny.
14:11 of 2nd period - Stopped by Jonas Hiller with a rebound.
14:13 of 2nd period - Wrist shot by Paul Stastny.
14:13 of 2nd period - Shot Misses the Net.
14:15 of 2nd period - Snap shot by Paul Stastny.
14:15 of 2nd period - Shot Misses the Net.
14:17 of 2nd period - Wrist shot by Andrei Kostitsyn.
14:17 of 2nd period - Shot Misses the Net.
14:19 of 2nd period - Snap shot by Johnny Boychuk.
14:19 of 2nd period - Deflect By Brandon Yip.
14:19 of 2nd period - Stopped by Jonas Hiller with a rebound.
14:21 of 2nd period - Slapshot by Jay Bouwmeester.
14:21 of 2nd period - Stopped by Jonas Hiller without a rebound.
14:22 of 2nd period - Ryan O'Reilly wins face-off versus Bryan Little in Sabres zone.
14:58 of 2nd period - Snap shot by Alexander Radulov.
14:58 of 2nd period - Shot Misses the Net.
15:20 of 2nd period - Snap shot by Paul Stastny.
15:20 of 2nd period - Shot Misses the Net.
15:30 of 2nd period - Andrei Loktionov is hit by Ryan Smyth.
15:40 of 2nd period - Wrist shot by Mike Comrie.
15:40 of 2nd period - Shot Misses the Net.
16:13 of 2nd period - Snap shot by Andrew Ladd.
16:13 of 2nd period - Shot Misses the Net.
17:52 of 2nd period - Matt Martin is hit by Andrei Kostitsyn and loses puck.
18:14 of 2nd period - Vincent Lecavalier is hit by Marc Staal.
18:23 of 2nd period - Mike Comrie is hit by Evander Kane and loses puck.
18:30 of 2nd period - Evander Kane is hit by Chuck Kobasew and loses puck.
18:47 of 2nd period - Johnny Boychuk is hit by Kyle Okposo and loses puck.
19:10 of 2nd period - Slapshot by Vincent Lecavalier.
19:10 of 2nd period - Goal by Vincent Lecavalier - Sabres : 3 - Avalanche : 2.
19:11 of 2nd period - Ryan O'Reilly wins face-off versus Bryan Little in neutral zone.
19:28 of 2nd period - Snap shot by Mikkel Boedker.
19:28 of 2nd period - Shot Misses the Net.
19:48 of 2nd period - Andrei Loktionov is hit by Jack Johnson.
Goals for this period are 2 for Sabres vs 2 for Avalanche.
Shots for this period are 10 for Sabres vs 9 for Avalanche.
3rd period
0:01 of 3rd period - Ryan O'Reilly wins face-off versus Bryan Little in neutral zone.
0:51 of 3rd period - Wrist shot by Zack Kassian.
0:51 of 3rd period - Shot Blocked by Paul Stastny.
1:21 of 3rd period - Jay Bouwmeester is hit by Brad Richardson and loses puck.
1:38 of 3rd period - Wrist shot by Bryan Little.
1:38 of 3rd period - Shot Blocked by Jared Cowen.
1:40 of 3rd period - Wrist shot by Mikkel Boedker.
1:40 of 3rd period - Stopped by Jonas Hiller with a rebound.
1:56 of 3rd period - Snap shot by Zack Kassian.
1:56 of 3rd period - Shot Misses the Net.
2:48 of 3rd period - Matt Lashoff is hit by Matt Martin and loses puck.
2:59 of 3rd period - Brandon Yip is hit by Vincent Lecavalier and loses puck.
4:13 of 3rd period - Wrist shot by Andrei Loktionov.
4:13 of 3rd period - Stopped by Semyon Varlamov with a rebound.
4:25 of 3rd period - Marc Staal is hit by Rob Scuderi.
4:39 of 3rd period - Johnny Boychuk is hit by Ilya Kovalchuk and loses puck.
4:57 of 3rd period - Snap shot by Andrei Kostitsyn.
4:57 of 3rd period - Shot Misses the Net.
4:59 of 3rd period - Wrist shot by Andrei Kostitsyn.
4:59 of 3rd period - Shot Blocked by Ilya Kovalchuk.
5:14 of 3rd period - Darcy Hordichuk is hit by Alexander Radulov and loses puck.
5:30 of 3rd period - Jared Cowen is hit by Jack Johnson and loses puck.
5:54 of 3rd period - Brad Richardson is hit by Corey Perry and loses puck.
6:39 of 3rd period - Wrist shot by Brandon Yip.
6:39 of 3rd period - Shot Misses the Net.
6:41 of 3rd period - Wrist shot by Paul Stastny.
6:41 of 3rd period - Shot Misses the Net.
6:49 of 3rd period - Slapshot by Paul Stastny.
6:49 of 3rd period - Shot Misses the Net.
6:55 of 3rd period - Paul Stastny is hit by Evander Kane.
7:13 of 3rd period - Rob Scuderi is hit by Brandon Yip and loses puck.
7:24 of 3rd period - Jay Bouwmeester is hit by Kyle Okposo and loses puck.
7:41 of 3rd period - Snap shot by Evander Kane.
7:41 of 3rd period - Shot Misses the Net.
7:43 of 3rd period - Slapshot by Evander Kane.
7:43 of 3rd period - Stopped by Semyon Varlamov without a rebound.
7:44 of 3rd period - Bryan Little wins face-off versus Ryan O'Reilly in Avalanche zone.
7:55 of 3rd period - Snap shot by Dan Boyle.
7:55 of 3rd period - Stopped by Jonas Hiller without a rebound.
7:56 of 3rd period - Ryan O'Reilly wins face-off versus Corey Perry in Sabres zone.
8:05 of 3rd period - Snap shot by Bryan Little.
8:05 of 3rd period - Shot Blocked by Brad Richardson.
8:27 of 3rd period - Minor Penalty to Darcy Hordichuk for Interference.
8:28 of 3rd period - Ilya Kovalchuk wins face-off versus Bryan Little in Sabres zone.
8:42 of 3rd period - Snap shot by Bryan Little.
8:42 of 3rd period - Stopped by Jonas Hiller without a rebound.
8:43 of 3rd period - Bryan Little wins face-off versus Ilya Kovalchuk in Sabres zone.
8:50 of 3rd period - Backhand shot by Bryan Little.
8:50 of 3rd period - Deflect By Corey Perry.
8:50 of 3rd period - Shot Blocked by Jakub Kindl.
8:50 of 3rd period - Puck is out of play.
8:51 of 3rd period - Ilya Kovalchuk wins face-off versus Bryan Little in Sabres zone.
9:32 of 3rd period - Snap shot by Bryan Little.
9:32 of 3rd period - Stopped by Jonas Hiller with a rebound.
9:42 of 3rd period - Snap shot by Mikkel Boedker.
9:42 of 3rd period - Shot Misses the Net.
9:54 of 3rd period - Snap shot by Bryan Little.
9:54 of 3rd period - Deflect By Mikkel Boedker.
9:54 of 3rd period - Deflect By Michael Kostka.
9:54 of 3rd period - Goal by Mikkel Boedker - Sabres : 3 - Avalanche : 3.
9:55 of 3rd period - Chris Drury wins face-off versus Ryan O'Reilly in neutral zone.
10:04 of 3rd period - Wrist shot by Brad Richardson.
10:04 of 3rd period - Shot Blocked by Andrew Ladd.
10:06 of 3rd period - Snap shot by Ilya Kovalchuk.
10:06 of 3rd period - Shot Blocked by Jack Johnson.
10:44 of 3rd period - Marc Staal is hit by Kyle Okposo and loses puck.
10:51 of 3rd period - Snap shot by Andrei Kostitsyn.
10:51 of 3rd period - Shot Blocked by Vincent Lecavalier.
10:57 of 3rd period - Evander Kane is hit by Johnny Boychuk and loses puck.
11:31 of 3rd period - Snap shot by Andrei Loktionov.
11:31 of 3rd period - Shot Blocked by Johnny Boychuk.
11:45 of 3rd period - Slapshot by Ryan Smyth.
11:45 of 3rd period - Shot Misses the Net.
11:47 of 3rd period - Wrist shot by Chuck Kobasew.
11:47 of 3rd period - Avalanche goal is going for a video replay.
11:47 of 3rd period - The goal is good.
11:47 of 3rd period - Goal by Chuck Kobasew - Sabres : 3 - Avalanche : 4.
11:48 of 3rd period - Ryan O'Reilly wins face-off versus Bryan Little in neutral zone.
11:53 of 3rd period - Slapshot by Ilya Kovalchuk.
11:53 of 3rd period - Shot Misses the Net.
12:15 of 3rd period - Michael Kostka is hit by Andrew Ladd and loses puck.
12:28 of 3rd period - Slapshot by Andrew Ladd.
12:28 of 3rd period - Stopped by Jonas Hiller with a rebound.
12:40 of 3rd period - Wrist shot by Mike Comrie.
12:40 of 3rd period - Shot Blocked by Vincent Lecavalier.
12:42 of 3rd period - Slapshot by Johnny Boychuk.
12:42 of 3rd period - Shot Blocked by Evander Kane.
12:44 of 3rd period - Slapshot by Jay Bouwmeester.
12:44 of 3rd period - Deflect By Mike Comrie.
12:44 of 3rd period - Stopped by Jonas Hiller with a rebound.
12:46 of 3rd period - Backhand shot by Chuck Kobasew.
12:46 of 3rd period - Deflect By Vincent Lecavalier.
12:46 of 3rd period - Shot Blocked by Evander Kane.
12:46 of 3rd period - Puck is out of play.
12:47 of 3rd period - Bryan Little wins face-off versus Ryan O'Reilly in Sabres zone.
13:15 of 3rd period - Icing by Alexander Radulov.
13:16 of 3rd period - Chris Drury wins face-off versus Andrei Loktionov in Avalanche zone.
13:41 of 3rd period - Bryan Little is hit by Jordan Leopold and loses puck.
14:09 of 3rd period - Evander Kane is hit by Chuck Kobasew and loses puck.
14:46 of 3rd period - Wrist shot by Ilya Kovalchuk.
14:46 of 3rd period - Stopped by Semyon Varlamov with a rebound.
14:54 of 3rd period - Slapshot by Mikkel Boedker.
14:54 of 3rd period - Shot Misses the Net.
14:56 of 3rd period - Wrist shot by Corey Perry.
14:56 of 3rd period - Goal by Corey Perry - Sabres : 3 - Avalanche : 5.
14:57 of 3rd period - Bryan Little wins face-off versus Ryan O'Reilly in neutral zone.
15:11 of 3rd period - Snap shot by Corey Perry.
15:11 of 3rd period - Stopped by Jonas Hiller without a rebound.
15:12 of 3rd period - Chris Drury wins face-off versus Andrei Loktionov in Sabres zone.
15:26 of 3rd period - Off-side.
15:27 of 3rd period - Ryan O'Reilly wins face-off versus Bryan Little in neutral zone.
15:32 of 3rd period - Wrist shot by Brad Richardson.
15:32 of 3rd period - Shot Misses the Net.
15:34 of 3rd period - Wrist shot by Ryan O'Reilly.
15:34 of 3rd period - Shot Misses the Net.
15:36 of 3rd period - Wrist shot by Ilya Kovalchuk.
15:36 of 3rd period - Goal by Ilya Kovalchuk - Sabres : 4 - Avalanche : 5.
15:37 of 3rd period - Chris Drury wins face-off versus Darcy Hordichuk in neutral zone.
15:52 of 3rd period - Wrist shot by Zack Kassian.
15:52 of 3rd period - Stopped by Semyon Varlamov without a rebound.
15:53 of 3rd period - Brad Richardson wins face-off versus Bryan Little in Avalanche zone.
15:54 of 3rd period - Slapshot by Ilya Kovalchuk.
15:54 of 3rd period - Stopped by Semyon Varlamov with a rebound.
16:04 of 3rd period - Snap shot by Ilya Kovalchuk.
16:04 of 3rd period - Shot Blocked by Mikkel Boedker.
16:32 of 3rd period - Snap shot by Paul Stastny.
16:32 of 3rd period - Stopped by Jonas Hiller with a rebound.
16:34 of 3rd period - Slapshot by Andrei Kostitsyn.
16:34 of 3rd period - Stopped by Jonas Hiller with a rebound.
17:06 of 3rd period - Slapshot by Darcy Hordichuk.
17:06 of 3rd period - Stopped by Semyon Varlamov with a rebound.
17:25 of 3rd period - Off-side.
17:26 of 3rd period - Brandon Sutter wins face-off versus Bryan Little in neutral zone.
18:15 of 3rd period - Snap shot by Andrei Kostitsyn.
18:15 of 3rd period - Shot Misses the Net.
18:17 of 3rd period - Wrist shot by Marc Staal.
18:17 of 3rd period - Deflect By Brandon Yip.
18:17 of 3rd period - Shot Blocked by Ales Kotalik.
18:17 of 3rd period - Puck is out of play.
18:18 of 3rd period - Darcy Hordichuk wins face-off versus Paul Stastny in Sabres zone.
18:27 of 3rd period - Snap shot by Andrei Loktionov.
18:27 of 3rd period - Shot Misses the Net.
18:52 of 3rd period - Slapshot by Jay Bouwmeester.
18:52 of 3rd period - Shot Misses the Net.
18:54 of 3rd period - Snap shot by Paul Stastny.
18:54 of 3rd period - Stopped by Jonas Hiller with a rebound.
19:11 of 3rd period - Snap shot by Paul Stastny.
19:11 of 3rd period - Stopped by Jonas Hiller without a rebound.
19:12 of 3rd period - Jacques Martin call a timeout for Sabres.
19:12 of 3rd period - Chris Drury wins face-off versus Vincent Lecavalier in Sabres zone.
19:15 of 3rd period - Snap shot by Chuck Kobasew.
19:15 of 3rd period - Stopped by Jonas Hiller with a rebound.
19:23 of 3rd period - Sabres, Jonas Hiller is pulled from the net.
19:23 of 3rd period - Slapshot by Vincent Lecavalier.
19:23 of 3rd period - Goal by Vincent Lecavalier - Sabres : 5 - Avalanche : 5.
19:23 of 3rd period - Jonas Hiller from Sabres was sent back in the game.
19:24 of 3rd period - Chris Drury wins face-off versus Andrei Loktionov in neutral zone.
19:29 of 3rd period - Wrist shot by Alexander Radulov.
19:29 of 3rd period - Deflect By Andrew Ladd.
19:29 of 3rd period - Goal by Andrew Ladd - Sabres : 5 - Avalanche : 6.
19:30 of 3rd period - Vincent Lecavalier wins face-off versus Chris Drury in neutral zone.
19:33 of 3rd period - Sabres, Jonas Hiller is pulled from the net.
19:41 of 3rd period - Snap shot by Ilya Kovalchuk.
19:41 of 3rd period - Stopped by Semyon Varlamov with a rebound.
19:43 of 3rd period - Wrist shot by Kyle Okposo.
19:43 of 3rd period - Stopped by Semyon Varlamov without a rebound.
19:44 of 3rd period - Chris Drury wins face-off versus Vincent Lecavalier in Avalanche zone.
19:49 of 3rd period - Snap shot by Chuck Kobasew.
19:49 of 3rd period - Shot Misses the Net.
Goals for this period are 2 for Sabres vs 4 for Avalanche.
Shots for this period are 10 for Sabres vs 16 for Avalanche.
Back to the Top